 Dungeon Crawl Stone Soup version 0.29-a0-270-g1586fc07ea (webtiles) character file.

Game seed: 15194627377846880862

4 bearlyready the Bolt Thrower (level 1, -1/12 HPs)
             Began as a Tengu Hunter on Mar 7, 2022.
             Slain by a kobold
             ... wielding a +0 whip
              (5 damage)
             ... on level 1 of the Dungeon.
             The game lasted 00:00:16 (77 turns).

bearlyready the Bolt Thrower (Tengu Hunter)           Turns: 77, Time: 00:00:17

Health: -1/12      AC:  3    Str: 12    XL:     1   Next: 70%
Magic:  2/2        EV: 12    Int: 11    God:
Gold:   1          SH:  0    Dex: 14    Spells: 0/0 levels left

rFire   . . .      SeeInvis .   a - +1 hand crossbow
rCold   . . .      Faith    .   (no shield)
rNeg    . . .      Spirit   .   b - +0 leather armour
rPois   .          Reflect  .   (helmet restricted)
rElec   .          Harm     .   (no cloak)
rCorr   .          Rampage  .   (no gloves)
Will    .....                   (boots unavailable)
Stlth   +.........              (no amulet)
HPRegen 0.04/turn               (no ring)
MPRegen 0.08/turn               (no ring)

@: no status effects
A: beak, talons 3
a: no special abilities


You were on level 1 of the Dungeon.
You visited 1 branch of the dungeon, and saw 1 of its levels.

You collected 1 gold pieces.

Inventory:

Hand Weapons
 a - a +1 hand crossbow (weapon)
Armour
 b - a +0 leather armour (worn)
Scrolls
 c - a scroll of immolation


   Skills:
 - Level 2.0 Fighting
 + Level 4.7 Crossbows
 - Level 2.1 Dodging
 - Level 1.0 Stealth


You couldn't memorise any spells.
You didn't know any spells.
Your spell library was empty.

Dungeon Overview and Level Annotations

Branches:
Dungeon (1/15)

Altars:


Innate Abilities, Weirdness & Mutations

You have a beak for a mouth.
You have claws for feet.


Message History

You open the door.
There is an open door here.
A ball python comes into view.
The ball python hisses angrily.
You shoot a bolt.
The bolt completely misses the ball python.
You shoot a bolt. The bolt barely misses the ball python.
You shoot a bolt. The bolt barely misses the ball python.
You shoot a bolt. The bolt hits the ball python!
You kill the ball python!
No target in view!
Found a dagger.
You now have 1 gold piece.
Found a stone staircase leading down.
A goblin, a ball python, a kobold and a quokka come into view.
The ball python hisses angrily.
The goblin shouts!
The kobold shouts!
You shoot a bolt. The bolt barely misses the ball python.
You shoot a bolt. The bolt hits the goblin.
You kill the goblin!
The ball python closely misses you. The ball python barely misses you.
You shoot a bolt. The bolt hits the ball python!
You kill the ball python!
You shoot a bolt. The bolt hits the quokka.
You kill the quokka!
You shoot a bolt.
The bolt hits the kobold but does no damage.
A goblin comes into view. It is wielding a +0 dagger.
You shoot a bolt. The bolt barely misses the kobold.
The bolt closely misses the goblin.
The goblin shouts!
The kobold hits you with a +0 whip. x2
You are too injured to fight recklessly!
You are too injured to fight recklessly!
Shoot: a) +1 hand crossbow
Press: ? - help, Q - select action Shift-Dir - straight line, f/p - kobold
Aim: a kobold, wielding a +0 whip (58% to hit)
You shoot a bolt. The bolt misses the kobold.
The bolt hits the goblin.
The goblin is severely wounded.
The kobold hits you with a +0 whip.
You die...

......... #.....>..
#........ ###
#....g... #..
+........ #.# ♣
#........ #.# ♣
#######.K...... #.#
.......@#.#+### #.#
#######.#.#...#
#.#####
#.....#...###.....##
#.#.......'...###...
#.####..†.##### #...
#....#....# #...
#....#.##### ####
#.##.......#
#..........# ♣


You could see a goblin and a kobold.

Vanquished Creatures
  A goblin (D:1)
  A quokka (D:1)
  2 ball pythons (D:1)
4 creatures vanquished.

Notes
Turn   | Place    | Note
-------+----------+-------------------------------------------
     0 | D:1      | bearlyready the Tengu Hunter began the quest for the Orb.
     0 | D:1      | Reached XP level 1. HP: 12/12 MP: 2/2
    77 | D:1      | Slain by a kobold

Illustrated notes

Levels and vault maps discovered:
D:1:      psy_arrival_wood_between_worlds, layout_basic, serial_shops,
          shop_coins, basic_ecumenical_altar

Action                   || total
-------------------------++-------
 Fire: Hand crossbow     ||    11
Dodge: Dodged            ||     2

Table legend: (Time is in decaauts)
 A = Elapsed time spent in this place.
 B = Non-inter-level travel time spent in this place.
 C = Inter-level travel time spent in this place.
 D = Time resting spent in this place.
 E = Time spent auto-exploring this place.
 F = Levels seen in this place.
 G = Mean time per level.
                   A        B        C        D        E       F      G
               +--------+--------+--------+--------+--------+-----+--------+
         Total |     80 |     80 |      0 |      0 |     63 |   1 |   80.0 |
       Dungeon |     80 |     80 |      0 |      0 |     63 |   1 |   80.0 |
               +--------+--------+--------+--------+--------+-----+--------+

Top non-repeatable levels by time:
     D:1: 80 daAuts
